Workbook

Sheet Tableau de bord

Sheet Entrées d'argent
B2: Mes entrées d'argent
D5: Janvier | F5: Février | H5: Mars | J5: Avril | L5: Mai | N5: Juin | P5: Juillet | R5: Août | T5: Septembre | V5: Octobre | X5: Novembre | Z5: Décembre
B7: Intitulé | D7: A | F7: B | H7: C | J7: D | L7: E | N7: F | P7: G | R7: H | T7: I | V7: J | X7: K | Z7: L
B8: Montant | D8: 1 | F8: 2 | H8: 3 | J8: 4 | L8: 5 | N8: 6 | P8: 7 | R8: 8 | T8: 9 | V8: 10 | X8: 11 | Z8: 12
B9: Intitulé
B10: Montant
B11: Intitulé
B12: Montant
B13: Intitulé
B14: Montant
B15: Intitulé
B16: Montant
B17: Intitulé
B18: Montant
B19: Intitulé
B20: Montant
B21: Total mensuel | D21: {=SUM(IF(ISTEXT(D7:D19),D8:D20,0))} -> 1 | F21: {=SUM(IF(ISTEXT(F7:F19),F8:F20,0))} -> 2 | H21: {=SUM(IF(ISTEXT(H7:H19),H8:H20,0))} -> 3 | J21: {=SUM(IF(ISTEXT(J7:J19),J8:J20,0))} -> 4 | L21: {=SUM(IF(ISTEXT(L7:L19),L8:L20,0))} -> 5 | N21: {=SUM(IF(ISTEXT(N7:N19),N8:N20,0))} -> 6 | P21: {=SUM(IF(ISTEXT(P7:P19),P8:P20,0))} -> 7 | R21: {=SUM(IF(ISTEXT(R7:R19),R8:R20,0))} -> 8 | T21: {=SUM(IF(ISTEXT(T7:T19),T8:T20,0))} -> 9 | V21: {=SUM(IF(ISTEXT(V7:V19),V8:V20,0))} -> 10 | X21: {=SUM(IF(ISTEXT(X7:X19),X8:X20,0))} -> 11 | Z21: {=SUM(IF(ISTEXT(Z7:Z19),Z8:Z20,0))} -> 12
B23: Commentaire | D23: Budget non créé | F23: Budget non créé | H23: Mise en place du budget
B26: Récapitulatif | E26: Total | G26: Impôts
E28: =SUM(D21:AA22) -> 78 | G28: Fonctionnalité à créer Si revenu = imposable, l'ajouter en epargne perso à mettre de coté en plus du montant de base

Sheet Epargnes
B2: Mes épargnes
B5: Dépenses | O5: Epargnes
B7: Date | D7: 44562 | F7: Date | J7: Date | Q7: Janvier | R7: Février | S7: Mars | T7: Avril | U7: Mai | V7: Juin | W7: Juillet | X7: Août | Y7: Septembre | Z7: Octobre | AA7: Novembre | AB7: Décembre
B8: Intitulé | D8: Garage | F8: Intitulé | J8: Intitulé | O8: Personnelle | Q8: {=0.1*'Entrées d''argent'!$D$21:$D$22} -> 0.1 | R8: {=0.1*'Entrées d''argent'!$F$21:$F$22} -> 0.2 | S8: {=0.1*'Entrées d''argent'!$H$21:$H$22} -> 0.3 | T8: {=0.1*'Entrées d''argent'!$J$21:$J$22} -> 0.4 | U8: {=0.1*'Entrées d''argent'!$L$21:$L$22} -> 0.5 | V8: {=0.1*'Entrées d''argent'!$N$21:$N$22} -> 0.6 | W8: {=0.1*'Entrées d''argent'!$P$21:$P$22} -> 0.7 | X8: {=0.1*'Entrées d''argent'!$R$21:$R$22} -> 0.8 | Y8: {=0.1*'Entrées d''argent'!$T$21:$T$22} -> 0.9 | Z8: {=0.1*'Entrées d''argent'!$V$21:$V$22} -> 1 | AA8: {=0.1*'Entrées d''argent'!$X$21:$X$22} -> 1.1 | AB8: {=0.1*'Entrées d''argent'!$Z$21:$Z$22} -> 1.2
B9: Montant | D9: 150 | F9: Montant | J9: Montant
B10: Type d'épargne | D10: Personnelle | F10: Type d'épargne | J10: Type d'épargne | O10: Investissement | Q10: {=0.15*'Entrées d''argent'!$D$21:$D$22} -> 0.15 | R10: {=0.15*'Entrées d''argent'!$F$21:$F$22} -> 0.3 | S10: {=0.15*'Entrées d''argent'!$H$21:$H$22} -> 0.45 | T10: {=0.15*'Entrées d''argent'!$J$21:$J$22} -> 0.6 | U10: {=0.15*'Entrées d''argent'!$L$21:$L$22} -> 0.75 | V10: {=0.15*'Entrées d''argent'!$N$21:$N$22} -> 0.9 | W10: {=0.15*'Entrées d''argent'!$P$21:$P$22} -> 1.05 | X10: {=0.15*'Entrées d''argent'!$R$21:$R$22} -> 1.2 | Y10: {=0.15*'Entrées d''argent'!$T$21:$T$22} -> 1.35 | Z10: {=0.15*'Entrées d''argent'!$V$21:$V$22} -> 1.5 | AA10: {=0.15*'Entrées d''argent'!$X$21:$X$22} -> 1.65 | AB10: {=0.15*'Entrées d''argent'!$Z$21:$Z$22} -> 1.8
B11: Date | D11: 44562 | F11: Date | J11: Date
B12: Intitulé | D12: G | F12: Intitulé | J12: Intitulé | O12: Dépenses
B13: Montant | D13: 150 | F13: Montant | J13: Montant
B14: Type d'épargne | D14: Personnelle | F14: Type d'épargne | J14: Type d'épargne | O14: Commentaires | Q14: Budget non créé | R14: Budget non créé | S14: Mise en place du budget
B15: Date | F15: Date | J15: Date
B16: Intitulé | F16: Intitulé | J16: Intitulé
B17: Montant | F17: Montant | J17: Montant
B18: Type d'épargne | F18: Type d'épargne | J18: Type d'épargne | O18: Récapitulatif
B19: Date | F19: Date | J19: Date
B20: Intitulé | F20: Intitulé | J20: Intitulé
B21: Montant | F21: Montant | J21: Montant | O21: Une formule possible | Q21: =IF(ISBLANK(D7),0,IF(COUNTIF(D7:D10,"*")=2,IF(MONTH(D7)=1,D9,0),0)) -> 150
B22: Type d'épargne | F22: Type d'épargne | J22: Type d'épargne | O22: Je cherche ça : | Q22: =IF(ISBLANK(D7),0,IF(COUNTIF(D7:D10,"*")=2,IF(MONTH(D7)=1,D9,0),0))+IF(ISBLANK(D11),0,IF(COUNTIF(D11:D14,"*")=2,IF(MONTH(D11)=1,D13,0),0)) -> 300
B23: Date | F23: Date | J23: Date | O23: Mais je souhaiterais raccourcir la formule
B24: Intitulé | F24: Intitulé | J24: Intitulé
B25: Montant | F25: Montant | J25: Montant
B26: Type d'épargne | F26: Type d'épargne | J26: Type d'épargne
